 Dungeon Crawl Stone Soup version 0.31-a0-202-g547052bce9 (webtiles) character file.

Game seed: 5388810279043158036

221 qw the Skirmisher (level 5, -5/30 HPs)
             Began as a Deep Elf Hunter on June 26, 2023.
             Was an Initiate of Okawaru.
             Slain by a scorpion (6 damage)
             ... on level 4 of the Dungeon.
             The game lasted 00:01:04 (2920 turns).

qw the Skirmisher (Deep Elf Hunter)                 Turns: 2920, Time: 00:01:05

Health: -5/30      AC:  9    Str: 10    XL:     5   Next: 65%
Magic:  7/7        EV: 11    Int: 14    God:    Okawaru [......]
Gold:   155        SH:  0    Dex: 18    Spells: 4/4 levels left

rFire   . . .        Y - +0 shortbow
rCold   . . .        (shield currently unavailable)
rNeg    . . .        j - +1 ring mail
rPois   .            (no helmet)
rElec   .            (no cloak)
rCorr   .            g - +2 pair of gloves
SInv    .            (no boots)
Will    .....        (no amulet)
Stlth   +            a - +4 ring of slaying {mikee}
HPRegen 0.25/turn    (no ring)
MPRegen 0.10/turn

%: no passive effects
@: lethally poisoned (-5 -> -16), about to teleport
A: no striking features
a: Renounce Religion


You were on level 4 of the Dungeon.
You worshipped Okawaru.
Okawaru was noncommittal.
You visited 1 branch of the dungeon, and saw 5 of its levels.

You collected 227 gold pieces.
You spent 72 gold pieces at shops.


   Skills:
 - Level 2.0 Fighting
 + Level 9.0 Ranged Weapons
 - Level 2.4 Dodging
 - Level 1.2 Stealth


You had 4 spell levels left.
You didn't know any spells.
Your spell library was empty.

Inventory:

Hand Weapons
 Y - a +0 shortbow (weapon)
Armour
 g - a +2 pair of gloves (worn)
 j - a +1 ring mail (worn)
Jewellery
 a - a +4 ring of slaying (left hand) {mikee}
Scrolls
 b - 2 scrolls of teleportation
 k - a scroll of identify
Potions
 c - a potion of heal wounds
 i - 2 potions of curing
 n - a potion of cancellation {unknown}
 o - a potion of enlightenment {unknown}

Dungeon Overview and Level Annotations

Branches:
Dungeon (5/15)
 Temple: D:4-7

Altars:
Ashenzari
Okawaru

Shops:
D:1 *


Message History

You kill the ufetubus!
Okawaru accepts your kill. The scorpion stings you.
Your Fighting skill increases to level 2!
You shoot an arrow. The arrow barely misses the scorpion.
The scorpion barely misses you.
You shoot an arrow. The arrow hits the ogre.
The ogre is lightly wounded.
The scorpion stings you.
You are poisoned.
The scorpion poisons you! The ogre closely misses you.
You shoot an arrow. The arrow hits the ogre!
The ogre is heavily wounded.
You feel very sick.
The scorpion stings you. x2; The ogre closely misses you.
2918 ||| STAIRDANCE You feel sick.
The ogre completely misses you. The scorpion stings you.
You are lethally poisoned!
The scorpion poisons you!
You climb upwards.
You feel extremely sick.
There is a stone staircase leading down here.
Enter note:
Enter note:
Enter note:
Enter note:
Enter note:
Enter note:
Enter note:
Enter note:
Enter note:
Enter note:
Enter note:
Enter note:
2920 ||| READING 3 scrolls of teleportation.
As you read the scroll of teleportation, it crumbles to dust.
You feel strangely unstable.
You feel very sick. The ogre hits you but does no damage.
The scorpion stings you.
You die...

###### #....# ####.#
#.##########
#..........#
#..........#######
#...O...........>##
#...@s............##
####.###O###.%........#
#....# #.#
#........#.## #.####
#.###...######..# #.#
#.......#...###.. #.#
####........####. #.#
##............ #####.#
##...#...##### #.....#
###....#####


You could see 2 ogres and a scorpion.

Vanquished Creatures
  2 jellies (D:4)
  3 gnolls (D:4)
  4 adders
  3 ufetubi
  A dart slug (D:2)
  An orc (D:3)
  18 endoplasms
  3 giant cockroaches
  3 hobgoblins
  10 kobolds
  8 quokkas
  6 ball pythons
  6 bats
  4 frilled lizards
  5 goblins
  3 rats
80 creatures vanquished.

Notes
Turn   | Place    | Note
-------+----------+-------------------------------------------
     0 | D:1      | qw the Deep Elf Hunter began the quest for the Orb.
     0 | D:1      | Reached XP level 1. HP: 12/12 MP: 3/3
     0 | D:1      | 0 ||| qw: Version: 0.3-a-22-g0ed2b0b
     0 | D:1      | 0 ||| qw: Game counter: 6100
     0 | D:1      | 0 ||| qw: Melee chars always use a shield: true
     0 | D:1      | 0 ||| qw: God list: Okawaru
     0 | D:1      | 0 ||| qw: Allow faded altars: false
     0 | D:1      | 0 ||| qw: Do Orc after clearing Dungeon:15 true
     0 | D:1      | 0 ||| qw: Do second Lair branch before Depths: true
     0 | D:1      | 0 ||| qw: Lair rune preference: random
     0 | D:1      | 0 ||| qw: Goals: Normal
     0 | D:1      | 0 ||| PLANNING D:1-11
   217 | D:1      | Reached skill level 6 in Ranged Weapons
   217 | D:1      | Reached XP level 2. HP: 16/16 MP: 4/4
   504 | D:1      | Found Henuolidgh's Assorted Antiques.
   510 | D:1      | 510 ||| BUYING black potion (18 gold).
   510 | D:1      | Bought a black potion for 18 gold pieces
   510 | D:1      | 510 ||| BUYING cyan potion (18 gold).
   510 | D:1      | Bought a cyan potion for 18 gold pieces
   510 | D:1      | 510 ||| BUYING emerald potion (18 gold).
   510 | D:1      | Bought an emerald potion for 18 gold pieces
   510 | D:1      | 510 ||| BUYING murky emerald potion (18 gold).
   510 | D:1      | Bought a murky emerald potion for 18 gold pieces
   510 | D:1      | 510 ||| SHOPLISTING scroll labelled BIMIVOD RAWAR (20 gold,
                  | have 10).
   510 | D:1      | 510 ||| SHOPLISTING scroll labelled RUUXOOGHAH (20 gold,
                  | have 10).
   510 | D:1      | 510 ||| SHOPLISTING smoky inky potion (18 gold, have 10).
   915 | D:1      | 915 ||| UPGRADING to +2 pair of gloves.
   920 | D:1      | 920 ||| READING 2 scrolls labelled RUUXOOGHAH.
   921 | D:1      | 921 ||| READING scroll labelled HOEHYC ZISUPS.
   924 | D:1      | 924 ||| READING scroll labelled EDANYV PASUF.
   925 | D:1      | 925 ||| READING 4 scrolls labelled BIMIVOD RAWAR.
   926 | D:1      | 926 ||| READING 3 scrolls labelled CAEWIG JOSOLU.
   927 | D:1      | 927 ||| DRINKING 2 black potions.
   928 | D:1      | 928 ||| READING 3 scrolls of identify.
   928 | D:1      | 928 ||| IDENTIFYING sedimented dark potion
   929 | D:1      | 929 ||| READING 2 scrolls of identify.
   929 | D:1      | 929 ||| IDENTIFYING green potion
   930 | D:1      | 930 ||| DROPPING scroll of noise.
   931 | D:1      | 931 ||| DROPPING scroll of butterflies.
   932 | D:1      | 932 ||| DROPPING potion of brilliance.
   933 | D:1      | 933 ||| DROPPING potion of lignification.
   934 | D:1      | 934 ||| DROPPING 2 scrolls of vulnerability.
  1052 | D:2      | Reached XP level 3. HP: 20/20 MP: 5/5
  1101 | D:2      | Found a faded altar of an unknown god.
  1166 | D:2      | Reached skill level 7 in Ranged Weapons
  1540 | D:2      | 1540 ||| READING 2 scrolls labelled GAROZU CELA.
  1541 | D:2      | 1541 ||| READING scroll labelled USUJUM QYSOI.
  1542 | D:2      | 1542 ||| READING 3 scrolls of identify.
  1542 | D:2      | 1542 ||| IDENTIFYING smoky inky potion
  1543 | D:2      | 1543 ||| READING 2 scrolls of identify.
  1543 | D:2      | 1543 ||| IDENTIFYING cyan potion
  1544 | D:2      | 1544 ||| DROPPING potion of magic.
  1545 | D:2      | 1545 ||| DROPPING potion of degeneration.
  1591 | D:3      | Found an iron altar of Okawaru.
  1592 | D:3      | 1592 ||| PLANNING OKAWARU WORSHIP
  1592 | D:3      | 1592 ||| UPGRADING to +0 scale mail.
  1602 | D:3      | 1602 ||| DROPPING +0 leather armour.
  1612 | D:3      | Became a worshipper of Warmaster Okawaru
  1613 | D:3      | 1613 ||| PLANNING D:1-11
  1666 | D:3      | Reached XP level 4. HP: 25/25 MP: 6/6
  2029 | D:3      | 2029 ||| UPGRADING to +0 ring mail.
  2039 | D:3      | 2039 ||| DROPPING +0 scale mail.
  2040 | D:3      | 2040 ||| READING scroll of enchant armour.
  2040 | D:3      | 2040 ||| ENCHANTING +0 ring mail.
  2041 | D:3      | 2041 ||| READING scroll labelled MUNUPNUALA.
  2042 | D:3      | 2042 ||| READING scroll labelled XENITISUOR.
  2042 | D:3      | Identified a scroll of acquirement
  2042 | D:3      | 2042 ||| ACQUIRING +4 ring of slaying
  2042 | D:3      | Acquired a +4 ring of slaying
  2044 | D:3      | 2044 ||| UPGRADING to +4 ring of slaying {mikee}.
  2045 | D:3      | 2045 ||| READING scroll labelled RIMAHO LAYN.
  2046 | D:3      | 2046 ||| READING scroll labelled GIXZEG KYSIQ.
  2048 | D:3      | 2048 ||| Stepping ~*~*~tactically~*~*~ (cloud).
  2049 | D:3      | 2049 ||| DRINKING 3 potions of curing.
  2049 | D:3      | 2049 ||| (to cure poison)
  2117 | D:4      | Reached skill level 8 in Ranged Weapons
  2404 | D:4      | Found a broken altar of Ashenzari.
  2490 | D:4      | Identified the +1 robe of the Bull {Harm *Slow rElec MP+9}
  2677 | D:4      | Reached XP level 5. HP: 29/29 MP: 7/7
  2688 | D:4      | Reached skill level 9 in Ranged Weapons
  2865 | D:4      | 2865 ||| DROPPING +1 robe of the Bull {Harm *Slow rElec
                  | MP+9}.
  2866 | D:4      | 2866 ||| READING 2 scrolls of identify.
  2866 | D:4      | 2866 ||| IDENTIFYING viscous blue potion
  2910 | D:5      | Entered Level 5 of the Dungeon
  2910 | D:5      | Noticed an ogre
  2911 | D:5      | 2911 ||| PLANNING SEWER
  2911 | D:5      | Noticed an ogre
  2918 | D:5      | 2918 ||| STAIRDANCE
  2919 | D:4      | HP: 5/30 [poisoned by a scorpion]
  2920 | D:4      | 2920 ||| READING 3 scrolls of teleportation.
  2920 | D:4      | HP: 1/30 [poisoned by a scorpion]
  2920 | D:4      | Slain by a scorpion

Levels and vault maps discovered:
D:1:      erik_arrival_triangle_medium, layout_loops_corners, serial_shops,
          shop_fountains, corexii_hall_statues_u, minmay_crystal_water,
          serial_bayou_pond_a, minmay_3d_cube
D:2:      layout_loops_ring, basic_ecumenical_altar, minmay_tromino_v4_a
D:3:      layout_rooms, old_standard_altar, chequers_serial_rivers_small_b
D:4:      cheibrodos_fertilizer, layout_basic, nicolae_ashenzari_panopticon
D:5:      layout_loops_ring, mainiacjoe_overflow_surrounded_room,
          minmay_temple_entry_proselytizer, portal_sewer_entry_e

Skill      XL: |  1  2  3  4  5 |
---------------+----------------+-----
Ranged Weapons | 6 7 8 9 |  9.0
Fighting       | 2 |  2.0
Dodging        | |  2.4
Stealth        | |  1.2

Action                     |  1- 3 |  4- 6 || total
---------------------------+-------+-------++-------
   Fire: Shortbow          |   106 |    87 ||   193
    Use: Scroll            |    11 |     7 ||    18
         Potion            |     1 |     1 ||     2
 Armour: Leather armour    |     6 |       ||     6
         Scale mail        |     1 |     3 ||     4
         Ring mail         |       |    19 ||    19
  Dodge: Dodged            |    17 |    30 ||    47

Table legend:
 A = Non-vault XP
 B = Vault XP
 C = Vault XP percentage of total XP
 D = Non-vault monster count
 E = Vault monster count
 F = Vault count percentage of total count
                 A         B        C        D         E       F
            +---------+---------+-------+---------+---------+-------
      Total |     193 |     124 |  39.1 |      56 |      24 |  30.0
            +---------+---------+-------+---------+---------+-------
        D:1 |      30 |       8 |  21.1 |      21 |       5 |  19.2
        D:2 |      38 |       5 |  11.6 |       8 |       3 |  27.3
        D:3 |      32 |       0 |   0.0 |      14 |       0 |   0.0
        D:4 |      77 |     111 |  59.0 |      11 |      16 |  59.3
        D:5 |      16 |       0 |   0.0 |       2 |       0 |   0.0
            +---------+---------+-------+---------+---------+-------
